 Dungeon Crawl Stone Soup version 0.17-a0-1691-g18a3847 (webtiles) character file.

1276499 emiel the Executioner (level 27, 203/238 (242) HPs)
             Began as a Human Berserker on Aug 19, 2015.
             Was the Champion of the Shining One.
             Starved to death
             ... on level 4 of the Realm of Zot on Aug 20, 2015.
             The game lasted 06:40:42 (59815 turns).

emiel the Executioner (Human Berserker)            Turns: 59815, Time: 06:40:42

HP:   203/238 (242) AC: 51    Str: 27    XL:     27
MP:   11/11         EV: 19    Int: 16    God:    the Shining One [******]
Gold: 7725          SH:  0    Dex: 15    Spells: 4 memorised, 32 levels left

rFire  + + +     SeeInvis .     b - +9 executioner's axe (antimagic)
rCold  + + .     Clarity  .     E - +12 gold dragon armour
rNeg   + + +     SustAt   .     (no shield)
rPois  +         Gourm    .     s - +2 hat
rElec  .         Spirit   .     y - +0 cloak of Uvay {rF+ rN+ Regen+ Int-4}
rCorr  .         Warding  .     L - +0 pair of gloves of the Dragon {+Blink MR+}
rMut   .         Stasis   .     d - +2 pair of boots of the Assassin {DetectMon Stab+ Stlth++}
MR     ++++.                    M - amulet "Uphasa" {Regen+ Int+4 Slay+2}
Stlth  ..........               D - ring "Ytafeami" {AC+3 Int+7 Stlth+}
                                B - ring "Paofacag" {+Fly rC+ MR+}

@: starving, glowing, incredibly resistant to hostile enchantments, extremely
unstealthy
A: fire resistance 1, low mp 1, shaggy fur 1, wild magic 1
a: Divine Shield, Cleansing Flame, Summon Divine Warrior, Renounce Religion,
Evoke Blink, Evoke Flight
}: 15/15 runes: serpentine, barnacled, slimy, silver, golden, iron, obsidian,
icy, bone, abyssal, demonic, glowing, magical, fiery, dark


You were on level 4 of the Realm of Zot.
You worshipped the Shining One.
The Shining One was exalted by your worship.
You were starving.

You visited 17 branches of the dungeon, and saw 93 of its levels.
You visited Pandemonium 3 times, and saw 25 of its levels.
You visited the Abyss 1 time.
You visited 1 bazaar.
You visited 2 ziggurats, and saw 24 of their levels (deepest: 14).
You also visited: Ice Cave and Volcano.

You collected 10943 gold pieces.
You spent 3218 gold pieces at shops.

Inventory:

Hand weapons
 b - a +9 antimagic executioner's axe (weapon)
 H - a +2 hand axe of flaming {HYDRASLAYER 2.0}
 P - a +9 executioner's axe of holy wrath
Missiles
 r - 6 throwing nets (quivered)
Armour
 d - the +2 pair of boots of the Assassin (worn) {DetectMon Stab+ Stlth++}
   (You acquired it on level 9 of a ziggurat)

   It makes you much more stealthy.
 s - a +2 hat (worn)
 v - the +15 Maxwell's patent armour {-Cast -Tele rElec MR+ rCorr}
   (You found it on level 14 of a ziggurat)

   It insulates you from electricity.
   It affects your resistance to hostile enchantments.
   It prevents spellcasting.
   It prevents most forms of teleportation.
   It protects you from acid and corrosion.
 y - the +0 cloak of Uvay (worn) {rF+ rN+ Regen+ Int-4}
   (You acquired it on level 2 of the Realm of Zot)

   It affects your intelligence (-4).
   It protects you from fire.
   It protects you from negative energy.
   It increases your rate of regeneration.
 E - a +12 gold dragon armour (worn)
 L - the +0 pair of gloves of the Dragon (worn) {+Blink MR+}
   (You acquired it on level 6 of the Pits of Slime)

   It affects your resistance to hostile enchantments.
   It lets you blink.
 S - the +2 helmet "Tuolet" {rC+++ Str-2 SInv}
   (You found it on level 5 of the Vaults)

   It affects your strength (-2).
   It renders you almost immune to cold.
   It lets you see invisible.
Jewellery
 f - the cursed necklace of Bloodlust {*Rage +Rage MR+ Str+2 Int-2 Slay+3 *Curse}
   (You found it on level 7 of Tartarus)

   [amulet of rage]

   It affects your strength (+2).
   It affects your intelligence (-2).
   It affects your accuracy and damage with ranged weapons and melee attacks
   (+3).
   It affects your resistance to hostile enchantments.
   It lets you go berserk.
   It may make you go berserk in combat.
   It may re-curse itself when equipped.
   It has a curse placed upon it.
 g - the amulet of Altruism {rCorr rElec Int+3}
   (You found it on level 9 of a ziggurat)

   [amulet of resist corrosion]

   It protects you from acid and corrosion.
   It affects your intelligence (+3).
   It insulates you from electricity.
 n - the ring "Toewk" {SustAt Dex+6}
   (You found it on level 7 of the Lair of Beasts)

   [ring of sustain attributes]

   It sustains your strength, intelligence and dexterity.
   It affects your dexterity (+6).
 x - an uncursed ring of protection from fire
 B - the ring "Paofacag" (left hand) {+Fly rC+ MR+}
   (You took it off a deep elf annihilator on level 3 of the Elven Halls)

   [ring of flight]

   It protects you from cold.
   It affects your resistance to hostile enchantments.
   It lets you fly.
 D - the ring "Ytafeami" (right hand) {AC+3 Int+7 Stlth+}
   (You found it on level 5 of the Vaults)

   [ring of protection]

   It affects your AC (+3).
   It affects your intelligence (+7).
   It makes you more stealthy.
 M - the amulet "Uphasa" (around neck) {Regen+ Int+4 Slay+2}
   (You found it on level 14 of a ziggurat)

   [amulet of regeneration]

   It affects your intelligence (+4).
   It affects your accuracy and damage with ranged weapons and melee attacks
   (+2).
   It increases your rate of regeneration.
 O - an uncursed amulet of resist mutation
 Q - a cursed ring of teleportation
Magical devices
 j - a wand of heal wounds (6)
 T - a wand of disintegration (3)
 X - a wand of digging (10)
 Z - a wand of teleportation (0)
Scrolls
 h - 12 scrolls of fear
 i - a scroll of amnesia
 m - 4 scrolls of fog
 o - 25 scrolls of remove curse
 p - 6 scrolls of holy word
 z - 3 scrolls of identify
 A - 2 scrolls of blinking
 F - 3 scrolls of silence
 I - 7 scrolls of enchant armour
 K - 6 scrolls of summoning
 N - a scroll of magic mapping
 Y - 6 scrolls of recharging
Potions
 e - 16 potions of curing
 k - 2 potions of magic
 l - 4 potions of cancellation
 q - 4 potions of heal wounds
 t - 6 potions of agility
 u - 2 potions of might
 w - 2 potions of resistance
 G - 9 potions of berserk rage
 J - a potion of flight
 V - 9 potions of cure mutation
Miscellaneous
 W - 5 phantom mirrors
Comestibles
 c - 5 bread rations
 C - 22 fruits
 R - 7 meat rations


   Skills:
 + Level 25.5 Fighting
 - Level 26.5 Axes
 + Level 23.7 Armour
 + Level 25.3 Dodging
 * Level 8.0 Spellcasting
 - Level 17.2 Translocations
 - Level 12.0 Transmutations
 - Level 11.6 Earth Magic
 + Level 23.0 Invocations


You had 32 spell levels left.
You knew the following spells:

 Your Spells              Type           Power        Failure   Level  Hunger
a - Phase Shift           Tloc           #######...   7%          5    #####..
b - Blink                 Tloc           N/A          1%          2    None
e - Stoneskin             Trmt/Erth      ######..     4%          2    None
f - Apportation           Tloc           #######...   1%          1    None


Dungeon Overview and Level Annotations

Branches:
Dungeon (15/15)            Temple (0/1) D:4            Lair (8/8) D:10
 Shoals (4/4) Lair:3        Snake (4/4) Lair:6        Slime (6/6) Lair:6
    Orc (4/4) D:12            Elf (3/3) Orc:3        Vaults (5/5) D:13
  Crypt (3/3) Vaults:3       Tomb (3/3) Crypt:3      Depths (5/5) D:15
   Hell (1/1)                 Dis (7/7) Hell            Geh (7/7) Hell
    Coc (7/7) Hell            Tar (7/7) Hell            Zot (4/5) Depths:5

Altars:
Cheibriados
Elyvilon
Kikubaaqudgha
Okawaru
Ru
Vehumet
The Shining One
Beogh
Jiyva

Shops:
D:6 %   D:8 [   D:12 *   Orc:4 *(}?   Elf:1 !   Elf:2 (   Shoals:3 }
Vaults:2 *   Vaults:4 *   Vaults:5 }   Depths:1 *

Portals:
Hell: Depths:1 Depths:2 Depths:3 Depths:4 Depths:5
Abyss: Depths:3 Depths:4
Pandemonium: Depths:1 Depths:4

Annotations:
D:9 exclusion: statue
Shoals:2 exclusion: oklob plant
Depths:5 ololoev's ghost, great DrCK
Coc:7 Antaeus


Innate Abilities, Weirdness & Mutations

Your flesh is heat resistant.
Your magical capacity is low (-10% MP).
You are covered in fur (AC +1).
Your spells are a little harder to cast, but a little more powerful.


Message History

You feel slightly more hungry. The death cob hits you!
You feel slightly more hungry. The death cob hits you.
You feel slightly more hungry. The death cob hits you.
You feel slightly more hungry. The death cob hits you.
You feel slightly more hungry. The death cob hits you.
You feel slightly more hungry. The death cob hits you.
You feel slightly more hungry. The death cob hits you.
You feel slightly more hungry. The death cob barely misses you.
You can move again.
Unknown command.
You hit the death cob.
The death cob is heavily damaged.
The death cob hits you. The death cob misses you.
Unknown command.
You slice the death cob!!
The death cob is almost destroyed.
The death cob hits you. x2
You have starved to death.
You die...

,,,,,,,,+,,,,,,,,,,,,,,,,,,,,,,,,
,,,*,****,,,,,*******************
****,* *,,,,,* *,,,,,,,,,,*
****,** *,,,,,* *,********,*
,,,,,,* *,,,,,* *,* *,** ,***,,*
******* *,* *,,, ,,,,,,*
#######*,* **** ,,,,,,*
###.....#*,* ,,,,,,**
#....@..#*,*
,,,,,,,#####.#..%..#*,*
,,,*,,,#...........#*,*
,,,,,,,#.#...#.....#*,*
****,*,*,#<.......?...* ***
*,***,#....#......#* *<*
*,,,,,#....#.####.#***,****** *
**,,***#.#..#.# *...**,,,,,,* *
*,,,,,,#....#.# **#.**,*,**,*


You could see a death cob.

Vanquished Creatures
  Cerebov (Pan)
  Asmodeus (Geh:7)
  the royal jelly (Slime:6)
  Ereshkigal (Tar:7)
  Gloorx Vloq (Pan)
  the Serpent of Hell (Geh:7)
  Mnoleg (Pan)
  A seraph (Pan)
  Lom Lobon (Pan)
  Dispater (Dis:7)
  An orb of fire (Zig:5)
  4 ancient liches
  25 greater mummies
  9 pandemonium lords (Pan)
  4 shard shrikes
  Margery (Depths:3)
  Vashnia (Snake:2)
  A Killer Klown (Zig:7)
  Geryon (Hell)
  A profane servitor (Abyss:1)
  Nikola (Depths:2)
  5 golden dragons
  7 bone dragons
  A pearl dragon (Pan)
  A hellephant (Abyss:2)
  14 Brimstone Fiends
  Rupert (Lair:3)
  The ghost of PeterLawrence the Slayer, a mighty MiFi of Okawaru (Vaults:1)
  15 tentacled monstrosities
  9 liches
  10 Ice Fiends
  7 Hell Sentinels
  3 deep elf blademasters
  12 Shadow Fiends
  2 deep elf master archers (Elf:3)
  7 quicksilver dragons
  14 acid blobs
  9 tentacled starspawn
  10 ancient champions
  4 eldritch tentacles
  3 octopode crushers
  4 death cobs
  11 titans
  Polyphemus (Shoals:2)
  21 Executioners
  9 sphinxes
  5 shadow dragons
  12 storm dragons
  A blood saint (Pan)
  Roxanne (D:15)
  7 tengu reavers
  7 greater nagas
  4 daevas (Pan)
  2 draconian monks
  4 revenants
  An azure jelly (Slime:6)
  Ilsuiw (Shoals:3)
  14 fire giants
  Wiglaf (Vaults:1)
  Donald (Snake:4)
  8 iron dragons
  6 deep elf sorcerers
  5 frost giants
  17 vault wardens
  15 cacodemons
  A draconian scorcher (Zot:1)
  2 ghost moths
  Aizul (Snake:4)
  Louise (Shoals:2)
  3 orc warlords
  7 angels (Pan)
  25 balrugs
  3 curse skulls
  A draconian zealot (Zig:7)
  6 warmongers (Pan)
  A ghoul (Crypt:2)
  3 draconian shifters
  A spriggan defender (Depths:4)
  32 reapers
  8 ophanim (Pan)
  6 draconian annihilators
  A caustic shrike skeleton (Zig:12)
  13 very ugly things
  8 ironheart preservers
  13 war gargoyles
  4 bennus
  An elemental wellspring (Coc:1)
  8 vampire knights
  24 stone giants
  3 draconian callers
  8 apis (Pan)
  3 green draconians
  12 deep elf annihilators
  5 salamander firebrands
  4 black draconians
  7 lorocyprocas
  5 salamander stormcallers
  3 chaos champions
  3 purple draconians
  2 white draconians
  4 yellow draconians
  5 corrupters (Pan)
  8 deep elf demonologists
  5 black suns (Pan)
  5 mottled draconians
  A dire elephant (Lair:8)
  A crystal guardian (Crypt:3)
  A red draconian (Zot:1)
  10 green deaths
  A merfolk javelineer (Shoals:4)
  3 deep elf death magi (Elf:3)
  10 blizzard demons
  19 ettins
  3 death oozes (Slime:6)
  3 quicksilver dragon zombies
  The ghost of kobby the Basher, a powerful HuHu of Qazlal (Lair:3)
  6 eidola
  17 yaktaur captains
  4 jiangshi
  10 merfolk impalers
  Josephine (D:15)
  14 fire dragons
  19 mummy priests
  17 ice dragons
  11 great orbs of eyes
  A kraken zombie (Coc:7)
  7 deep elf high priests
  41 starcursed masses
  26 vault guards
  A caustic shrike simulacrum (Zig:14)
  8 hydras
  A death knight (Crypt:2)
  15 naga warriors
  6 rakshasas
  6 anacondas
  3 quicksilver dragon skeletons
  7 entropy weavers
  2 monstrous demonspawn (Pan)
  2 merfolk avatars
  3 hell beasts
  11 ogre magi
  2 catoblepae
  A satyr (Shoals:4)
  7 dancing weapons
  4 centaur warriors
  2 alligators (Zig:9)
  4 merfolk aquamancers
  An alligator snapping turtle (Shoals:4)
  An anaconda (shapeshifter) (Zig:6)
  A satyr (shapeshifter) (Vaults:5)
  5 death yaks
  8 spriggan air magi
  A tengu warrior (D:15)
  9 deep troll shamans
  7 titan zombies
  6 vampire magi
  9 thrashing horrors
  A spriggan berserker (Depths:3)
  16 naga sharpshooters
  12 deep troll earth magi
  14 hell hogs
  6 orc high priests
  13 small abominations
  A shock serpent (shapeshifter) (Depths:3)
  3 storm dragon zombies
  3 iron golems
  Nergalle (Lair:3)
  21 sun demons
  15 deep elf knights
  16 shock serpents
  13 wretched stars
  5 titan skeletons
  2 fire crabs
  11 shadow wraiths
  11 soul eaters
  37 deep trolls
  16 ice devils
  8 cherubim (Pan)
  4 anaconda zombies
  42 death scarabs
  6 spatial maelstroms (Abyss:3)
  A ghost moth zombie (Crypt:2)
  3 salamander mystics
  9 gelid demonspawn (Pan)
  An iron troll (Tomb:2)
  2 storm dragon skeletons
  5 golden dragon zombies
  A death drake (shapeshifter) (Vaults:4)
  A sea snake (shapeshifter) (Vaults:5)
  3 swamp dragons (Zig:9)
  6 naga ritualists
  58 hell knights
  18 hill giants
  A deep troll (shapeshifter) (Depths:2)
  6 unseen horrors
  9 infernal demonspawn (Pan)
  4 putrid demonspawn (Pan)
  74 skeletal warriors
  41 large abominations
  21 sea snakes
  5 giant orange brains
  2 golden dragon skeletons
  2 ice statues
  8 deep elf summoners
  9 anubis guards
  15 flayed ghosts
  A harpy (shapeshifter) (Vaults:5)
  7 ironbrand convokers
  7 torturous demonspawn (Pan)
  An anubis guard (shapeshifter) (Depths:2)
  4 shadow dragon zombies
  22 necromancers
  20 shadow demons
  A shambling mangrove (Zig:9)
  6 anaconda skeletons
  3 wolf spider zombies
  20 deep elf conjurers
  2 iron dragon zombies
  5 wizards
  23 harpies
  4 shining eyes
  3 shadow dragon skeletons
  9 orc knights
  6 moths of wrath
  16 phantasmal warriors
  3 tengu skeletons
  4 worldbinders
  6 fauns
  2 fauns (shapeshifter)
  20 griffons
  3 oklob plants (Zig:14)
  16 orc sorcerers
  3 water nymphs (Shoals:3)
  12 wolf spiders
  49 ugly things
  A sphinx zombie (Zig:12)
  5 frost giant zombies
  A guardian serpent (shapeshifter) (Depths:2)
  12 mana vipers
  5 orb spiders
  22 rust devils
  4 fire giant zombies
  31 elephants
  17 manticores
  7 hornets
  A moth of wrath (shapeshifter) (Vaults:4)
  A manticore (shapeshifter) (Zig:7)
  18 salamanders
  3 dire elephant zombies
  9 vault sentinels
  22 sixfirhies
  4 cyclopes
  8 stone giant zombies
  A hornet (shapeshifter) (Vaults:1)
  6 stone giant skeletons
  Maurice (D:12)
  3 apocalypse crabs
  A guardian serpent (Snake:4)
  An elephant (shapeshifter) (Zig:7)
  20 naga magi
  Joseph (D:9)
  7 frost giant skeletons
  An eye of devastation (Pan)
  16 sirens
  2 octopodes (shapeshifter)
  5 iron dragon skeletons
  26 spiny frogs
  2 centaur zombies (D:12)
  38 smoke demons
  2 fire giant skeletons
  3 molten gargoyles (Geh:7)
  30 black mambas
  24 orange demons
  A shock serpent skeleton (Tar:6)
  5 dire elephant skeletons
  A yaktaur zombie (Zig:3)
  20 hellions
  A purple draconian zombie (Tar:2)
  9 efreet
  20 tormentors
  5 fire drakes
  An emperor scorpion zombie (Crypt:3)
  7 ancient zymes
  8 demonic crawlers (Pan)
  An alligator snapping turtle skeleton (Crypt:2)
  38 guardian mummies
  A kobold demonologist (Zig:2)
  A green draconian skeleton (Crypt:2)
  33 hellwings (Pan)
  4 jumping spiders
  27 red devils
  A tengu conjurer (Depths:2)
  A silent spectre (Abyss:3)
  3 polar bears
  6 hydra zombies
  2 wind drakes
  9 deep elf priests
  A minotaur zombie (Crypt:1)
  21 freezing wraiths
  20 merfolk
  52 yaktaurs
  13 trolls
  A wolf spider simulacrum (IceCv)
  10 two-headed ogres
  31 raiju
  20 blue devils
  6 snapping turtles
  5 ushabtiu
  5 komodo dragons
  2 fire dragon zombies
  An ice dragon zombie (Crypt:3)
  2 harpy skeletons
  67 slime creatures
  A giant leech (Zig:9)
  A bog body (Crypt:2)
  A boulder beetle (shapeshifter) (Depths:3)
  6 ettin zombies
  A slime creature (shapeshifter) (Depths:4)
  8 hydra skeletons
  3 elf zombies
  4 trapdoor spiders (Zig:11)
  6 boulder beetles
  3 alligator zombies
  A spriggan zombie (Zig:8)
  16 fire elementals
  9 air elementals
  2 wyverns
  6 spriggans
  2 alligator skeletons (Hell)
  88 flying skulls
  16 deep elf magi
  2 ettin skeletons
  14 shadows
  2 tarantellas (Zig:11)
  20 ynoxinuls
  44 yaks
  18 blink frogs
  A tarantella (shapeshifter) (Zig:6)
  3 fire dragon skeletons
  16 redbacks
  4 basilisks
  4 vampires
  24 water elementals
  30 deep elf fighters
  10 vampire mosquitoes
  3 ice dragon skeletons
  27 wraiths
  12 fire bats
  A steam dragon (Lair:6)
  A hungry ghost (Zig:10)
  A yaktaur simulacrum (Vaults:1)
  7 chaos spawn
  3 mottled dragons
  26 nagas
  19 spatial vortices
  28 wolves
  2 golden eyes (Abyss:2)
  21 neqoxecs
  A redback simulacrum (Vaults:1)
  Edmund (D:4)
  A faun zombie (Crypt:2)
  38 hell hounds
  16 hippogriffs
  8 insubstantial wisps
  6 wargs
  24 water moccasins
  11 porcupines
  24 ice beasts
  3 sky beasts
  11 spiny frog zombies
  A swamp drake (Zig:9)
  58 orc warriors
  3 spiny frog skeletons
  An alligator simulacrum (Coc:3)
  A manticore zombie (Crypt:1)
  6 eyes of draining
  A snapping turtle zombie (Coc:1)
  A swamp dragon zombie (Dis:7)
  A wasp (shapeshifter) (Depths:3)
  17 centaurs
  11 necrophages
  8 boggarts
  11 black bears
  A phantom (Tar:2)
  7 wasps
  41 ogres
  A big kobold (shapeshifter) (Depths:3)
  A big kobold (D:14)
  19 crocodiles
  A fire drake zombie (Crypt:2)
  A swamp dragon skeleton (Tar:6)
  A gnoll sergeant (D:10)
  21 giant frogs
  7 brain worms
  A giant frog (shapeshifter) (Vaults:5)
  3 wyvern skeletons
  A swamp dragon simulacrum (IceCv)
  5 scorpions
  17 wights
  11 electric eels
  16 crimson imps
  2 giant frog zombies
  3 quasits
  7 draconian simulacra (IceCv)
  27 orc priests
  11 hounds
  5 human zombies
  8 iron imps
  15 jellies
  31 orc wizards
  2 giant frog skeletons
  6 centaur skeletons
  3 gnoll shamans
  4 iguanas
  2 basilisk skeletons (Crypt:1)
  4 human skeletons
  A polar bear simulacrum (IceCv)
  7 worker ants
  A lightning spire (Zig:9)
  14 sheep
  3 spriggan simulacra (IceCv)
  A brain worm zombie (Crypt:1)
  A tengu zombie (Crypt:1)
  2 troll simulacra (IceCv)
  A wolf simulacrum (IceCv)
  3 centaur simulacra (IceCv)
  An ogre zombie (Crypt:3)
  38 mummies
  A naga skeleton (Geh:6)
  2 worker ant zombies
  A swamp drake zombie (Crypt:2)
  22 adders
  3 gnolls (D:6)
  62 river rats
  2 naga simulacra (IceCv)
  2 ogre simulacra (IceCv)
  8 shadow imps
  24 white imps
  2 ufetubi (Abyss:3)
  5 oozes
  An adder zombie (D:9)
  4 adder skeletons
  3 worms
  A lava snake skeleton (Crypt:2)
  3 giant geckos
  305 orcs
  4 goblins
  4 hobgoblins
  9 jackals
  7 quokkas
  7 ball pythons
  A ball python skeleton (Crypt:1)
  6 bats
  3 giant cockroaches
  A giant gecko skeleton (D:4)
  6 giant newts
  A giant newt zombie (Crypt:1)
  7 kobolds
  An orc skeleton (Geh:5)
  18 rats
  A bush (Lair:8)
  A butterfly (Lair:2)
  2 crawling corpses
  10 fire vortices
  14 fungi
  2 lurking horrors (Abyss:3)
  32 plants
  12 starspawn tentacles (Abyss:3)
4389 creatures vanquished.

Vanquished Creatures (collateral kills)
  Mara (Snake:3)
  The ghost of Ajdolov the Bludgeoner, a mighty GrBe of Trog (Shoals:4)
  2 merfolk javelineers (Shoals:4)
  A mummy priest (Zig:14)
  A sea snake (Shoals:4)
  A siren (Shoals:4)
  2 manticores (Shoals:4)
  A vault sentinel (Vaults:3)
  A guardian mummy (Zig:14)
  A deep elf priest (Elf:3)
  A merfolk (Shoals:4)
  An ushabti (Tomb:2)
  6 yaks (D:9)
  A crocodile (Lair:1)
  A mummy (Zig:14)
  A crawling corpse (Elf:3)
23 creatures vanquished.

Vanquished Creatures (others)
  2 eldritch tentacles
  An ancient champion (Tomb:2)
  A fire giant (Geh:7)
  A draconian scorcher (Depths:5)
  4 bennus (Tomb:2)
  An ettin (Vaults:5)
  A merfolk impaler (Shoals:3)
  A deep elf high priest (Vaults:5)
  A titan skeleton (Tomb:2)
  7 death scarabs (Tomb:1)
  2 anubis guards
  A manticore (Shoals:4)
  A yaktaur (Vaults:3)
  12 flying skulls
  A golden eye (Abyss:2)
  A vampire mosquito (D:15)
  A fire elemental (Geh:6)
  An ogre (Tomb:2)
  2 orc wizards (Orc:4)
  A troll simulacrum (IceCv)
  13 mummies
  3 orcs
  344 eldritch tentacle segments
  3 fire vortices
  6 fungi
  9 lost souls
  A lurking horror (Abyss:2)
  46 plants
  12 starspawn tentacles
  33 starspawn tentacle segments (Abyss:3)
513 creatures vanquished.

Grand Total: 4925 creatures vanquished

Notes
Turn   | Place    | Note
--------------------------------------------------------------
     0 | D:1      | emiel the Human Berserker began the quest for the Orb.
     0 | D:1      | Reached XP level 1. HP: 18/18 MP: 1/1
    71 | D:1      | Reached XP level 2. HP: 14/24 MP: 2/2
   402 | D:1      | Reached skill level 4 in Axes
   402 | D:1      | Reached XP level 3. HP: 26/29 MP: 3/3
   422 | D:1      | Acquired Trog's second power
  1363 | D:3      | Reached XP level 4. HP: 35/35 MP: 4/4
  1636 | D:3      | Reached skill level 5 in Axes
  1640 | D:3      | Reached XP level 5. HP: 29/41 MP: 5/5
  1861 | D:3      | Found a faded altar to an unknown god.
  2062 | D:4      | Reached skill level 6 in Axes
  2070 | D:4      | Reached XP level 6. HP: 33/47 MP: 6/6
  2150 | D:4      | Found a staircase to the Ecumenical Temple.
  2308 | D:4      | Reached skill level 7 in Axes
  2362 | D:4      | Noticed Edmund
  2376 | D:4      | Killed Edmund
  2376 | D:4      | Reached XP level 7. HP: 52/52 MP: 7/7
  2455 | D:5      | Entered Level 5 of the Dungeon
  2560 | D:5      | Reached skill level 8 in Axes
  2753 | D:5      | Found a snail-covered altar of Cheibriados.
  3136 | D:6      | Found Kuzuw's Food Emporium.
  3170 | D:6      | Reached XP level 8. HP: 50/58 MP: 8/8
  3392 | D:6      | Got a pitted plate armour
  3403 | D:6      | Identified the +6 plate armour "Vucrea" {rElec Dex+7} (You found it on level 6 of the Dungeon)
  3403 | D:6      | it's alright
  3444 | D:6      | TROG
  3444 | D:6      | GIFT ME
  3444 | D:6      | AN AXE
  4216 | D:7      | ...
  4256 | D:7      | Reached XP level 9. HP: 60/67 MP: 9/9
  4272 | D:7      | Reached skill level 5 in Armour
  4491 | D:7      | Acquired Trog's third power
  4491 | D:7      | Reached skill level 5 in Fighting
  5142 | D:8      | Found Cuipne's Armour Shoppe.
  5443 | D:8      | Bought a cursed +0 helmet for 15 gold pieces
  5476 | D:9      | Noticed Joseph
  5487 | D:9      | Killed Joseph
  5487 | D:9      | Reached skill level 5 in Dodging
  5555 | D:9      | Received a gift from Trog
  5729 | D:9      | Reached XP level 10. HP: 69/76 MP: 10/10
  5958 | D:9      | Found a radiant altar of Vehumet.
  5987 | D:9      | fuck this AXE
  6171 | D:10     | Entered Level 10 of the Dungeon
  6416 | D:10     | Noticed a manticore
  6432 | D:10     | Killed a manticore
  6499 | D:10     | Reached skill level 9 in Armour
  6689 | D:10     | sweet
  6736 | D:10     | Found a staircase to the Lair.
  7065 | D:10     | Reached XP level 11. HP: 84/84 MP: 11/11
  7284 | D:10     | Noticed a manticore
  7292 | D:10     | Noticed a manticore
  7294 | D:10     | Killed a manticore
  7298 | D:10     | Killed a manticore
  7298 | D:10     | Reached skill level 10 in Armour
  7480 | D:10     | Found an iron altar of Okawaru.
  7529 | D:10     | boink
  7536 | D:10     | Noticed a hill giant
  7567 | D:10     | Killed a hill giant
  7694 | D:10     | Reached skill level 10 in Axes
  8187 | D:10     | Noticed a red ugly thing
  8205 | D:10     | Killed a red ugly thing
  8233 | Lair:1   | Entered Level 1 of the Lair of Beasts
  8417 | Lair:1   | Noticed a six-headed hydra
  8431 | Lair:1   | Killed a one-headed hydra
  8431 | Lair:1   | Reached skill level 11 in Axes
  8476 | Lair:1   | Reached XP level 12. HP: 46/92 MP: 12/12
  8671 | Lair:1   | Received a gift from Trog
  8806 | Lair:2   | Reached skill level 12 in Axes
  9097 | Lair:2   | Reached skill level 13 in Axes
  9355 | Lair:3   | Noticed kobby's ghost (powerful HuHu)
  9407 | Lair:3   | Killed kobby's ghost
  9487 | Lair:3   | Reached skill level 14 in Axes
  9510 | Lair:3   | Received a gift from Trog
  9587 | Lair:3   | Found a staircase to the Shoals.
  9607 | Lair:3   | fuck shoals
  9659 | Lair:3   | Reached XP level 13. HP: 98/98 MP: 13/13
  9685 | Lair:3   | Got a twisted helmet
  9716 | Lair:3   | Identified the +1 helmet "Oxes" {*Corrode rPois Dex+2} (You found it on level 3 of the Lair of Beasts)
  9804 | Lair:3   | Noticed Rupert
  9825 | Lair:3   | Killed Rupert
  9825 | Lair:3   | Reached skill level 15 in Axes
 10047 | Lair:3   | Noticed Nergalle
 10089 | Lair:3   | Killed Nergalle
 10281 | Lair:4   | Reached skill level 16 in Axes
 10622 | Lair:4   | Reached skill level 17 in Axes
 10622 | Lair:4   | Reached XP level 14. HP: 62/105 MP: 14/14
 10830 | Lair:4   | Gained mutation: You can breathe flames. [potion of mutation]
 10830 | Lair:4   | Gained mutation: Your flesh is heat resistant. [potion of mutation]
 10830 | Lair:4   | Gained mutation: You have a pair of small horns on your head. [potion of mutation]
 10979 | Lair:5   | Received a gift from Trog
 10990 | Lair:5   | HEIL TROG
 11031 | Lair:5   | :)
 11320 | Lair:6   | ctrl+direction = DEATH
 11381 | Lair:6   | Reached skill level 18 in Axes
 11516 | Lair:6   | Found a staircase to the Snake Pit.
 11755 | Lair:6   | Found a staircase to the Slime Pits.
 11870 | Lair:6   | Received a gift from Trog
 11972 | Lair:7   | pls be good
 11977 | Lair:7   | Got a pitted golden ring
 11983 | Lair:7   | Identified the ring "Toewk" {SustAt Dex+6} (You found it on level 7 of the Lair of Beasts)
 12186 | Lair:7   | Reached skill level 19 in Axes
 12547 | Lair:7   | Reached XP level 15. HP: 110/110 MP: 15/15
 12558 | Lair:8   | Entered Level 8 of the Lair of Beasts
 12681 | Lair:8   | Received a gift from Trog
 12816 | Lair:8   | RELOADING
 13112 | Lair:8   | Reached skill level 20 in Axes
 13417 | Lair:5   | Gained mutation: Your spells are a little harder to cast, but a little more powerful. [potion of beneficial mutation]
 13418 | Lair:5   | neat
 14288 | D:12     | Found Nomamoib's Assorted Antiques.
 14297 | D:12     | Bought a distressingly furry cloak for 323 gold pieces
 14297 | D:12     | Bought a bubbling yellow potion for 30 gold pieces
 14326 | D:12     | Identified the +0 cloak "Wisax" {rC+} (You bought it in a shop on level 12 of the Dungeon)
 14369 | D:12     | Found a roughly hewn altar of Beogh.
 14378 | D:12     | Received a gift from Trog
 14388 | D:12     | Found a staircase to the Orcish Mines.
 14419 | Orc:1    | Entered Level 1 of the Orcish Mines
 14722 | Orc:2    | Received a gift from Trog
 14800 | Orc:2    | Found a frozen archway.
 14822 | IceCv    | Entered an ice cave
 14863 | IceCv    | no statues lol
 14979 | IceCv    | Found an ancient bone altar of Kikubaaqudgha.
 15484 | Orc:2    | Received a gift from Trog
 15588 | Orc:3    | Found a roughly hewn altar of Beogh.
 15629 | Orc:3    | Found a roughly hewn altar of Beogh.
 15651 | Orc:3    | Found a staircase to the Elven Halls.
 15730 | Orc:3    | Paralysed by an orc sorcerer for 6 turns
 15837 | Orc:3    | Found a dark tunnel.
 15843 | Volcano  | Entered a volcano
 15853 | Volcano  | Reached skill level 10 in Fighting
 16023 | Orc:3    | Reached XP level 16. HP: 111/122 MP: 16/16
 16247 | Orc:4    | Entered Level 4 of the Orcish Mines
 16367 | Orc:4    | Found a roughly hewn altar of Beogh.
 16375 | Orc:4    | Found Tapsitoxt's Antique Weapon Emporium.
 16379 | Orc:4    | Received a gift from Trog
 16395 | Orc:4    | Found Dufi Ulu's General Store.
 16404 | Orc:4    | Bought a scroll of enchant armour for 112 gold pieces
 16404 | Orc:4    | Bought a scroll of identify for 30 gold pieces
 16771 | Orc:4    | Received a gift from Trog
 17104 | Orc:4    | Received a gift from Trog
 17137 | Orc:4    | x42
 17261 | Orc:4    | Found Lenneash's Gadget Emporium.
 17281 | Orc:4    | Found a roughly hewn altar of Beogh.
 17322 | Orc:4    | Found Zunuthr Vagur's Magic Scroll Shoppe.
 17331 | Orc:4    | Bought a scroll of fog for 30 gold pieces
 17331 | Orc:4    | Bought a scroll of enchant weapon for 112 gold pieces
 17331 | Orc:4    | Bought a scroll of magic mapping for 52 gold pieces
 17331 | Orc:4    | Bought a scroll of recharging for 142 gold pieces
 17449 | Elf:1    | Entered Level 1 of the Elven Halls
 17489 | Elf:1    | Found Siaz's Distillery.
 17496 | Elf:1    | Bought a potion of agility for 48 gold pieces
 17496 | Elf:1    | Bought 2 potions of agility for 96 gold pieces
 17496 | Elf:1    | Bought 2 potions of heal wounds for 120 gold pieces
 17496 | Elf:1    | Bought a potion of curing for 36 gold pieces
 17496 | Elf:1    | Bought a potion of invisibility for 96 gold pieces
 17496 | Elf:1    | Bought a potion of might for 48 gold pieces
 17496 | Elf:1    | Bought a potion of invisibility for 96 gold pieces
 17496 | Elf:1    | Bought a potion of haste for 120 gold pieces
 17627 | Elf:1    | Received a gift from Trog
 18320 | Elf:2    | Received a gift from Trog
 18420 | Elf:2    | Reached XP level 17. HP: 80/140 MP: 17/17
 18586 | Elf:2    | Found Duydgh's Weapon Emporium.
 18614 | Elf:2    | Reached skill level 15 in Fighting
 18803 | Elf:3    | Entered Level 3 of the Elven Halls
 18890 | Elf:3    | Received a gift from Trog
 18987 | Elf:3    | Noticed a deep elf master archer
 19016 | Elf:3    | Killed a deep elf master archer
 19066 | Elf:3    | Noticed a deep elf master archer
 19080 | Elf:3    | Killed a deep elf master archer
 19126 | Elf:3    | Noticed a deep elf blademaster
 19145 | Elf:3    | Killed a deep elf blademaster
 19154 | Elf:3    | Noticed a deep elf blademaster
 19169 | Elf:3    | Killed a deep elf blademaster
 19279 | Elf:3    | Noticed a Shadow Fiend
 19304 | Elf:3    | Killed a Shadow Fiend
 19435 | Elf:3    | Got an ichor-stained great mace
 19436 | Elf:3    | Identified the +7 great mace "Emuprul" {speed, rF++ Str+2} (You took it off a deep elf knight on level 3 of the Elven Halls)
 19437 | Elf:3    | s1ck mace m8
 19489 | Elf:3    | Received a gift from Trog
 19495 | Elf:3    | Reached XP level 18. HP: 149/151 MP: 18/18
 19527 | Elf:3    | Got a clouded granite ring
 19528 | Elf:3    | Identified the ring "Paofacag" {+Fly rC+ MR+} (You took it off a deep elf annihilator on level 3 of the Elven Halls)
 19542 | Elf:3    | Got a fine chain mail
 19553 | Elf:3    | Identified the cursed +1 chain mail "Xep Kuer" {rF- MP+9 Int+4 Dex+10} (You found it on level 3 of the Elven Halls)
 20434 | Snake:1  | Entered Level 1 of the Snake Pit
 20538 | Snake:1  | Reached skill level 10 in Dodging
 20696 | Snake:1  | Received a gift from Trog
 21529 | Snake:2  | Noticed Vashnia
 21581 | Snake:2  | Killed Vashnia
 21785 | Snake:3  | Received a gift from Trog
 21897 | Snake:3  | Found a white marble altar of Elyvilon.
 21980 | Snake:3  | Got a glittering steel amulet
 21982 | Snake:3  | Identified the amulet "Bovvo" {Spirit MP+9} (You found it on level 3 of the Snake Pit)
 22124 | Snake:3  | Noticed Mara
 22131 | Snake:3  | Killed Mara
 22191 | Snake:3  | Reached XP level 19. HP: 159/159 MP: 19/19
 22253 | Snake:4  | Entered Level 4 of the Snake Pit
 22289 | Snake:4  | Noticed Donald
 22303 | Snake:4  | Killed Donald
 22548 | Snake:4  | Reached skill level 21 in Axes
 22571 | Snake:4  | Noticed Aizul
 22579 | Snake:4  | Killed Aizul
 23038 | Snake:4  | Received a gift from Trog
 23541 | Snake:4  | Got a serpentine rune of Zot
 23958 | Shoals:1 | Entered Level 1 of the Shoals
 24009 | Shoals:1 | Received a gift from Trog
 24114 | Shoals:2 | Reached XP level 20. HP: 168/168 MP: 20/20
 24127 | Shoals:2 | Found a snail-covered altar of Cheibriados.
 24200 | Shoals:2 | Noticed Louise
 24204 | Shoals:2 | Noticed Polyphemus
 24226 | Shoals:2 | Killed Louise
 24237 | Shoals:2 | Killed Polyphemus
 24652 | Shoals:3 | Noticed Ilsuiw
 24684 | Shoals:3 | Killed Ilsuiw
 24924 | Shoals:3 | Found Bapniady's Gadget Shoppe.
 25217 | Shoals:4 | Entered Level 4 of the Shoals
 25410 | Shoals:4 | Noticed Ajdolov's ghost (mighty GrBe)
 25436 | Shoals:4 | HP: 12/252 [Ajdolov's ghost (32)]
 25572 | Shoals:4 | Killed Ajdolov's ghost
 25746 | Shoals:4 | Received a gift from Trog
 25767 | Shoals:4 | Got a ring of the Octopus King
 25774 | Shoals:4 | Identified a ring of the Octopus King {SustAt AC+1 EV+1 Str+1 Int+1 Dex+1} (You found it on level 4 of the Shoals)
 25793 | Shoals:4 | Reached skill level 22 in Axes
 26041 | Shoals:4 | HP: 2/169 [merfolk impaler/trident of pain (14)]
 26462 | Shoals:4 | Got a barnacled rune of Zot
 26848 | D:8      | Bought the +2 pair of boots of Mochiuv {rElec} for 285 gold pieces
 27171 | D:12     | Noticed Maurice
 27177 | D:12     | Killed Maurice
 27177 | D:12     | Reached XP level 21. HP: 173/176 MP: 21/21
 27518 | D:13     | Found a snail-covered altar of Cheibriados.
 27785 | D:14     | Received a gift from Trog
 28533 | D:13     | Found a gate to the Vaults.
 28545 | Vaults:1 | Entered Level 1 of the Vaults
 28606 | Vaults:1 | Noticed PeterLawrence's ghost (mighty MiFi)
 28625 | Vaults:1 | Killed PeterLawrence's ghost
 29350 | Vaults:1 | Noticed Wiglaf
 29372 | Vaults:1 | Killed Wiglaf
 29372 | Vaults:1 | Reached skill level 23 in Axes
 29564 | Vaults:2 | Reached skill level 15 in Armour
 29685 | Vaults:2 | Upgraded the game from 0.17-a0-1685-g57e755e to 0.17-a0-1691-g18a3847
 29714 | Vaults:2 | Reached XP level 22. HP: 147/185 MP: 22/22
 29742 | Vaults:2 | Received a gift from Trog
 29861 | Vaults:2 | Found Wigemit's General Store.
 30199 | Vaults:3 | Found a staircase to the Crypt.
 30623 | Vaults:3 | Received a gift from Trog
 31106 | Vaults:4 | Found Topnath's Assorted Antiques.
 31133 | Vaults:4 | Bought a dented bone amulet for 160 gold pieces
 31883 | Vaults:5 | Entered Level 5 of the Vaults
 31982 | Vaults:4 | Reached XP level 23. HP: 137/192 MP: 23/23
 32119 | Vaults:5 | Received a gift from Trog
 32130 | Vaults:5 | Reached skill level 24 in Axes
 32366 | Vaults:5 | Got a scorched helmet
 32367 | Vaults:5 | Identified the +2 helmet "Tuolet" {rC+++ Str-2 SInv} (You found it on level 5 of the Vaults)
 32405 | Vaults:5 | Noticed a golden dragon
 32409 | Vaults:5 | Killed a golden dragon
 32474 | Vaults:5 | Got a serpentine golden amulet
 32475 | Vaults:5 | Identified the amulet "Kiucim" {Gourm rElec MR+ Int+4 Dex+3} (You found it on level 5 of the Vaults)
 32632 | Vaults:5 | Reached skill level 15 in Dodging
 32684 | Vaults:5 | Received a gift from Trog
 32780 | Vaults:5 | Got a silver rune of Zot
 33270 | Vaults:5 | Reached XP level 24. HP: 120/202 MP: 23/23
 33271 | Vaults:5 | Received a gift from Trog
 33355 | Vaults:5 | Found Seck's Gadget Shop.
 33501 | Vaults:5 | Got a fine iron ring
 33502 | Vaults:5 | Identified the ring "Ytafeami" {AC+3 Int+7 Stlth+} (You found it on level 5 of the Vaults)
 33862 | Vaults:3 | Identified 3 scrolls of acquirement
 33866 | Vaults:3 | Got a faintly glowing plate armour
 33877 | Vaults:3 | Identified the +1 plate armour of Ahum {-Tele +Inv Int+4 Dex+2} (You acquired it on level 3 of the Vaults)
 34149 | D:15     | Entered Level 15 of the Dungeon
 34186 | D:15     | Noticed Roxanne
 34201 | D:15     | Found a staircase to the Depths.
 34487 | D:15     | Killed Roxanne
 34590 | D:15     | Noticed Josephine
 34600 | D:15     | Killed Josephine
 34631 | D:15     | Found a sacrificial altar of Ru.
 34728 | Depths:1 | Entered Level 1 of the Depths
 34736 | Depths:1 | Found a one-way gate leading to the halls of Pandemonium.
 34750 | Depths:1 | Received a gift from Trog
 34822 | Depths:1 | Found a gateway to Hell.
 34823 | Depths:1 | Found Odoqotwo's Elemental Accessories.
 34969 | Depths:1 | Received a gift from Trog
 35045 | Depths:1 | Reached skill level 25 in Axes
 35277 | Depths:2 | Noticed Nikola
 35293 | Depths:2 | Killed Nikola
 35320 | Depths:2 | Reached XP level 25. HP: 210/210 MP: 7/23
 35971 | Depths:2 | Received a gift from Trog
 36048 | Depths:3 | Found a gateway to a ziggurat.
 36099 | Depths:3 | Reached XP level 26. HP: 187/218 MP: 23/23
 36189 | Depths:3 | Noticed Margery
 36201 | Depths:3 | Killed Margery
 36441 | Depths:3 | Found a one-way gate to the infinite horrors of the Abyss.
 36465 | Depths:3 | Found a runed door.
 36623 | Depths:3 | Found a runed door.
 36676 | Depths:3 | Received a gift from Trog
 36779 | Depths:3 | Noticed an ancient lich
 36784 | Depths:3 | Killed an ancient lich
 36995 | Depths:4 | Found a glowing golden altar of the Shining One.
 37076 | Depths:4 | Found a gateway to a bazaar.
 37093 | Bazaar   | Entered a bazaar
 37110 | Bazaar   | Found Ehahuv's Distillery.
 37114 | Bazaar   | Bought a potion of curing for 42 gold pieces
 37139 | Bazaar   | Found Zekuinoe's Distillery.
 37153 | Bazaar   | Found Jofoatwa's Gadget Emporium.
 37175 | Bazaar   | Found Soycwyxka's Gadget Emporium.
 37184 | Bazaar   | Bought a phantom mirror for 210 gold pieces
 37184 | Bazaar   | Bought a wand of heal wounds (5) for 378 gold pieces
 37211 | Bazaar   | Bought a potion of curing for 39 gold pieces
 37211 | Bazaar   | Bought 2 potions of curing for 78 gold pieces
 37211 | Bazaar   | Bought a potion of heal wounds for 65 gold pieces
 37211 | Bazaar   | Bought a potion of cure mutation for 455 gold pieces
 37697 | Depths:4 | Reached skill level 26 in Axes
 37776 | Depths:4 | Reached XP level 27. HP: 226/226 MP: 23/23
 37916 | Depths:4 | Received a gift from Trog
 38266 | Depths:5 | Entered Level 5 of the Depths
 38546 | Depths:5 | Noticed ololoev's ghost (great DrCK)
 38728 | Depths:5 | Found a gate to the Realm of Zot.
 39012 | Zot:1    | Entered Level 1 of the Realm of Zot
 39054 | Zot:1    | Received a gift from Trog
 39478 | Depths:4 | Fell from the grace of Trog
 39478 | Depths:4 | Became a worshipper of the Shining One
 39792 | Crypt:1  | Entered Level 1 of the Crypt
 39812 | Crypt:1  | Acquired the Shining One's first power
 39930 | Crypt:1  | Acquired the Shining One's second power
 40190 | Crypt:1  | Learned a level 5 spell: Phase Shift
 40226 | Crypt:1  | Acquired the Shining One's third power
 40364 | Crypt:2  | Acquired the Shining One's fourth power
 40687 | Crypt:3  | Entered Level 3 of the Crypt
 40695 | Crypt:3  | Reached skill level 1 in Invocations
 40787 | Crypt:3  | Reached skill level 5 in Invocations
 40795 | Crypt:3  | Found a staircase to the Tomb.
 40815 | Crypt:3  | Learned a level 2 spell: Blink
 40818 | Crypt:3  | Learned a level 2 spell: Repel Missiles
 41035 | Crypt:3  | Found an ancient bone altar of Kikubaaqudgha.
 41035 | Crypt:3  | Noticed an ancient lich
 41255 | Crypt:3  | Killed an ancient lich
 41343 | Crypt:3  | Identified a +9 executioner's axe of holy wrath (a +9 executioner's axe of electrocution blessed by the Shining One)
 41343 | Crypt:3  | Received a gift from the Shining One
 41473 | Tomb:1   | Entered Level 1 of the Tomb of the Ancients
 41490 | Tomb:1   | Noticed a greater mummy
 41490 | Tomb:1   | Noticed a greater mummy
 41494 | Tomb:1   | Noticed a greater mummy
 41497 | Tomb:1   | Noticed a greater mummy
 41499 | Tomb:1   | Noticed a greater mummy
 41599 | Tomb:1   | Noticed a greater mummy
 41599 | Tomb:1   | Noticed a greater mummy
 41599 | Tomb:1   | Noticed a greater mummy
 41605 | Tomb:1   | Killed a greater mummy
 41605 | Tomb:1   | Reached skill level 10 in Invocations
 41610 | Tomb:1   | Killed a greater mummy
 41612 | Tomb:1   | Killed a greater mummy
 41621 | Tomb:1   | Noticed a greater mummy
 41625 | Tomb:1   | Noticed a greater mummy
 41636 | Tomb:1   | Killed a greater mummy
 41641 | Tomb:1   | Killed a greater mummy
 41649 | Tomb:1   | Killed a greater mummy
 41674 | Tomb:1   | Noticed a greater mummy
 41685 | Tomb:1   | Killed a greater mummy
 41739 | Tomb:1   | Noticed a greater mummy
 41746 | Tomb:1   | Killed a greater mummy
 41755 | Tomb:1   | Noticed a greater mummy
 41762 | Tomb:1   | Killed a greater mummy
 41824 | Tomb:1   | Noticed a greater mummy
 41831 | Tomb:1   | Killed a greater mummy
 41983 | Tomb:3   | Entered Level 3 of the Tomb of the Ancients
 42005 | Tomb:3   | Noticed a greater mummy
 42133 | Tomb:3   | Noticed a greater mummy
 42329 | Tomb:3   | Reached skill level 15 in Invocations
 42425 | Tomb:2   | Killed a greater mummy
 42523 | Tomb:3   | Killed a greater mummy
 42530 | Tomb:3   | Noticed a greater mummy
 42546 | Tomb:2   | Killed a greater mummy
 42842 | Tomb:3   | Noticed a greater mummy
 42921 | Tomb:3   | Killed a greater mummy
 42929 | Tomb:3   | Noticed an ancient lich
 43048 | Tomb:3   | Killed an ancient lich
 43056 | Tomb:3   | Noticed a greater mummy
 43064 | Tomb:3   | Killed a greater mummy
 43068 | Tomb:3   | Noticed a greater mummy
 43094 | Tomb:3   | Killed a greater mummy
 43136 | Tomb:3   | Noticed a greater mummy
 43285 | Tomb:3   | Killed a greater mummy
 43374 | Tomb:3   | Noticed a greater mummy
 43387 | Tomb:3   | Killed a greater mummy
 43530 | Tomb:3   | Got a wavering pewter amulet
 43531 | Tomb:3   | Identified the amulet "Emnups" {+Rage rC+ Dex+5 SInv} (You found it on level 3 of the Tomb of the Ancients)
 43564 | Tomb:3   | Identified the Guide on Supportive Good Luck
 43567 | Tomb:3   | Learned a level 1 spell: Summon Butterflies
 43777 | Tomb:3   | Got an encrusted cloak
 43778 | Tomb:3   | Identified the cursed +0 cloak "Getiso" {*Confuse +Inv rN+} (You found it on level 3 of the Tomb of the Ancients)
 43785 | Tomb:3   | Got a transparent granite ring
 43786 | Tomb:3   | Identified the ring of the Ego {rElec rN+ Int+5} (You found it on level 3 of the Tomb of the Ancients)
 43889 | Tomb:3   | Learned a level 2 spell: Stoneskin
 43930 | Tomb:3   | Got a golden rune of Zot
 44006 | Tomb:2   | Noticed an ancient lich
 44011 | Tomb:2   | Noticed a greater mummy
 44014 | Tomb:2   | Noticed a greater mummy
 44020 | Tomb:2   | Noticed a greater mummy
 44021 | Tomb:2   | Killed an ancient lich
 44099 | Tomb:1   | Noticed a greater mummy
 44496 | Zig:1    | Entered Level 1 of a ziggurat
 44515 | Zig:2    | Entered Level 2 of a ziggurat
 44551 | Zig:3    | Entered Level 3 of a ziggurat
 44575 | Zig:4    | Entered Level 4 of a ziggurat
 44579 | Zig:4    | Was forgiven by Trog
 44681 | Zig:5    | Entered Level 5 of a ziggurat
 44685 | Zig:5    | Noticed an orb of fire
 44704 | Zig:5    | Killed an orb of fire
 44721 | Zig:5    | Got a vibrating brass ring
 44722 | Zig:5    | Identified the ring of Eqah {rN+ Stlth+} (You found it on level 5 of a ziggurat)
 44778 | Zig:6    | Entered Level 6 of a ziggurat
 44807 | Zig:6    | Gained mutation: You are covered in fur (AC +1). [potion of beneficial mutation]
 44818 | Zig:7    | Entered Level 7 of a ziggurat
 44877 | Zig:7    | Got a crude pewter ring
 44878 | Zig:7    | Identified the ring "Raenwiy" {+/*Tele rF+ MR+} (You found it on level 7 of a ziggurat)
 44893 | Zig:8    | Entered Level 8 of a ziggurat
 44965 | Zig:8    | Got a warped glass ring
 44966 | Zig:8    | Identified the ring "Plog" {+Inv rC+} (You found it on level 8 of a ziggurat)
 44971 | Zig:9    | Entered Level 9 of a ziggurat
 44981 | Zig:9    | Noticed a greater mummy
 45004 | Zig:9    | Noticed a greater mummy
 45007 | Zig:9    | Killed a greater mummy
 45040 | Zig:9    | Killed a greater mummy
 45104 | Zig:10   | Entered Level 10 of a ziggurat
 45215 | Zig:10   | Got a shimmering pewter ring
 45216 | Zig:10   | Identified the ring "Doesical" {*Drain rC+ Str+4 Int+4 SInv} (You found it on level 10 of a ziggurat)
 45230 | Zig:10   | Identified the Papyrus of Unholy Arts and Aid
 45244 | Zig:10   | Learned a level 1 spell: Apportation
 45405 | Zig:11   | Entered Level 11 of a ziggurat
 45476 | Zig:11   | Reached skill level 1 in Translocations
 45502 | Zig:11   | Got a glittering iron ring
 45503 | Zig:11   | Identified the ring of Toenezer {rPois rN+ MR++ Str-5 Slay-5} (You found it on level 11 of a ziggurat)
 45511 | Zig:11   | Identified Ikkaen's Grimoire of Harmful Envenoming
 45563 | Zig:12   | Entered Level 12 of a ziggurat
 45635 | Zig:12   | Identified Roxanne's Volume of Transmutation
 45656 | Zig:13   | Entered Level 13 of a ziggurat
 45935 | Zig:14   | Entered Level 14 of a ziggurat
 46032 | Zig:14   | Noticed a greater mummy
 46056 | Zig:14   | Killed a greater mummy
 46058 | Zig:14   | Noticed a greater mummy
 46072 | Zig:14   | Killed a greater mummy
 46329 | Zig:14   | Noticed a greater mummy
 46347 | Zig:14   | Noticed a greater mummy
 46361 | Zig:14   | Killed a greater mummy
 46366 | Zig:14   | Killed a greater mummy
 46374 | Zig:14   | Noticed a greater mummy
 46387 | Zig:14   | Killed a greater mummy
 46442 | Zig:14   | Got a smoking garnet amulet
 46443 | Zig:14   | Identified the amulet "Uphasa" {Regen+ Int+4 Slay+2} (You found it on level 14 of a ziggurat)
 46791 | Slime:1  | Entered Level 1 of the Pits of Slime
 46812 | Slime:1  | Reached skill level 5 in Translocations
 47000 | Slime:6  | Entered Level 6 of the Pits of Slime
 47149 | Slime:6  | Found a viscous altar of Jiyva.
 47154 | Slime:6  | Noticed the royal jelly
 47163 | Slime:6  | Killed the royal jelly
 47229 | Slime:6  | Got a slimy rune of Zot
 47268 | Slime:6  | Got a pair of twisted gloves
 47279 | Slime:6  | Identified the +0 pair of gloves of the Dragon {+Blink MR+} (You acquired it on level 6 of the Pits of Slime)
 47298 | Slime:6  | Got a coiled platinum ring
 47299 | Slime:6  | Identified the ring "Gouduaf" {Fire Str-5 Int-3 Slay+5 SInv} (You found it on level 6 of the Pits of Slime)
 47367 | Slime:4  | Gained mutation: Your magical capacity is low (-10% MP). [a shining eye]
 47733 | Pan      | Entered Pandemonium
 47844 | Pan      | Found a white marble altar of Elyvilon.
 48351 | Pan      | Noticed a seraph
 48353 | Pan      | Found a glowing golden altar of the Shining One.
 48362 | Pan      | Killed a seraph
 48386 | Pan      | Got a demonic rune of Zot
 48636 | Pan      | Noticed Daaturuw the pandemonium lord
 48649 | Pan      | Killed Daaturuw the pandemonium lord
 48780 | Pan      | Noticed Noup the pandemonium lord
 48786 | Pan      | Killed Noup the pandemonium lord
 48843 | Pan      | Found an exit through the horrors of the Abyss.
 48847 | Pan      | Noticed Nozos the pandemonium lord
 48969 | Pan      | Reached skill level 10 in Translocations
 49332 | Pan      | Noticed Emarghul the pandemonium lord
 49372 | Pan      | Killed Emarghul the pandemonium lord
 49427 | Pan      | Found an exit through the horrors of the Abyss.
 49503 | Pan      | Noticed Cow Fenna the pandemonium lord
 49513 | Pan      | Killed Cow Fenna the pandemonium lord
 49541 | Pan      | Noticed Dazainyn the pandemonium lord
 49552 | Pan      | Killed Dazainyn the pandemonium lord
 49631 | Pan      | Noticed Routumig the pandemonium lord
 49643 | Pan      | Killed Routumig the pandemonium lord
 49654 | Pan      | Entered the realm of Cerebov.
 49659 | Pan      | Found a gateway to a ziggurat.
 49681 | Zig:1    | Entered Level 1 of a ziggurat
 49704 | Zig:2    | Entered Level 2 of a ziggurat
 49729 | Zig:3    | Entered Level 3 of a ziggurat
 49747 | Zig:4    | Entered Level 4 of a ziggurat
 49778 | Zig:5    | Entered Level 5 of a ziggurat
 49819 | Zig:6    | Entered Level 6 of a ziggurat
 49843 | Zig:6    | Got an ancient bardiche
 49844 | Zig:6    | Identified the cursed +2 bardiche of the Ecumenical Temple {chop, rF++ Stlth+} (You found it on level 6 of a ziggurat)
 49865 | Zig:7    | Entered Level 7 of a ziggurat
 49911 | Zig:8    | Entered Level 8 of a ziggurat
 49983 | Zig:9    | Entered Level 9 of a ziggurat
 50053 | Zig:9    | Got a twitching bronze amulet
 50054 | Zig:9    | Identified the amulet of Altruism {rCorr rElec Int+3} (You found it on level 9 of a ziggurat)
 50106 | Zig:9    | Identified the Guide on Changing (You found it on level 9 of a ziggurat)
 50160 | Zig:10   | Entered Level 10 of a ziggurat
 50351 | Pan      | Found an exit through the horrors of the Abyss.
 50592 | Pan      | Noticed Cerebov
 50634 | Pan      | Killed Cerebov
 50778 | Pan      | Got a fiery rune of Zot
 50822 | Pan      | Entered the realm of Lom Lobon.
 50949 | Pan      | Found an exit through the horrors of the Abyss.
 51366 | Pan      | Reached skill level 1 in Transmutations
 51390 | Pan      | Reached skill level 1 in Earth Magic
 51597 | Pan      | Noticed Lom Lobon
 51616 | Pan      | Killed Lom Lobon
 51642 | Pan      | Got a magical rune of Zot
 51680 | Depths:1 | Escaped Pandemonium
 51682 | Pan      | Entered Pandemonium
 51863 | Pan      | Noticed Quudghas the pandemonium lord
 51882 | Pan      | Killed Quudghas the pandemonium lord
 51891 | Depths:1 | Escaped Pandemonium
 51899 | Pan      | Entered Pandemonium
 52067 | Pan      | Noticed Ezxib the pandemonium lord
 52084 | Pan      | Killed Ezxib the pandemonium lord
 52108 | Pan      | Entered the realm of Gloorx Vloq.
 52394 | Pan      | Noticed Gloorx Vloq
 52422 | Pan      | Killed Gloorx Vloq
 52438 | Pan      | Got a dark rune of Zot
 52600 | Pan      | Found an exit through the horrors of the Abyss.
 52631 | Pan      | Reached skill level 5 in Transmutations
 52663 | Pan      | Noticed Sies Tus the pandemonium lord
 52669 | Pan      | Killed Sies Tus the pandemonium lord
 52676 | Pan      | Reached skill level 5 in Earth Magic
 52691 | Pan      | Found an exit through the horrors of the Abyss.
 52743 | Pan      | Entered the realm of Mnoleg.
 52851 | Pan      | Found an exit through the horrors of the Abyss.
 53025 | Pan      | Noticed Mnoleg
 53054 | Pan      | Killed Mnoleg
 53106 | Pan      | Got a glowing rune of Zot
 53189 | Pan      | Took an exit into the Abyss.
 53189 | Abyss:1  | Escaped into the Abyss
 53190 | Abyss:1  | Found a corrupted altar of Lugonu.
 53415 | Abyss:1  | Reached skill level 15 in Translocations
 54457 | Abyss:3  | Found a corrupted altar of Lugonu.
 54566 | Abyss:3  | Found a corrupted altar of Lugonu.
 54652 | Abyss:3  | Found a corrupted altar of Lugonu.
 54832 | Abyss:3  | Found a corrupted altar of Lugonu.
 54841 | Abyss:3  | Found a shattered altar of Ashenzari.
 55606 | Abyss:4  | Got an abyssal rune of Zot
 55700 | Depths:1 | Escaped the Abyss
 55721 | Hell     | Entered the Vestibule of Hell
 55721 | Hell     | Noticed Geryon
 55731 | Hell     | Killed Geryon
 55793 | Hell     | Found a gateway to the ashen valley of Gehenna.
 55878 | Geh:1    | Entered Level 1 of Gehenna
 56562 | Geh:7    | Entered Level 7 of Gehenna
 56572 | Geh:7    | Noticed the Serpent of Hell
 56581 | Geh:7    | Killed the Serpent of Hell
 56671 | Geh:7    | Noticed Asmodeus
 56731 | Geh:7    | Killed Asmodeus
 56731 | Geh:7    | Reached skill level 10 in Transmutations
 56766 | Geh:7    | Got an obsidian rune of Zot
 56958 | Hell     | Found a gateway to the Iron City of Dis.
 56981 | Dis:1    | Entered Level 1 of the Iron City of Dis
 57002 | Dis:1    | Reached skill level 10 in Earth Magic
 57487 | Dis:7    | Entered Level 7 of the Iron City of Dis
 57723 | Dis:7    | Gained mutation: You occasionally shout uncontrollably at your foes. [a cacodemon]
 58047 | Dis:7    | Noticed Dispater
 58072 | Dis:7    | Killed Dispater
 58106 | Dis:7    | Got an iron rune of Zot
 58212 | Hell     | Found a gateway to the freezing wastes of Cocytus.
 58229 | Coc:1    | Entered Level 1 of Cocytus
 58570 | Coc:1    | Gained mutation: Scrolls take you a little longer to read. [mutagenic glow]
 58573 | Coc:2    | Reached skill level 1 in Spellcasting
 58593 | Coc:2    | Gained mutation: You are clumsy. (Dex -2) [mutagenic glow]
 58634 | Coc:2    | Gained mutation: You can breathe fire. [mutagenic glow]
 58636 | Coc:2    | Lost mutation: You are clumsy. (Dex -2) [potion of cure mutation]
 58636 | Coc:2    | Lost mutation: You have a pair of small horns on your head. [potion of cure mutation]
 58636 | Coc:2    | Lost mutation: You can breathe fire. [potion of cure mutation]
 58636 | Coc:2    | Lost mutation: You occasionally shout uncontrollably at your foes. [potion of cure mutation]
 58636 | Coc:2    | Lost mutation: Scrolls take you a little longer to read. [potion of cure mutation]
 58636 | Coc:2    | Lost mutation: You can breathe flames. [potion of cure mutation]
 58789 | Coc:7    | Entered Level 7 of Cocytus
 58887 | Coc:7    | Reached skill level 5 in Spellcasting
 58913 | Coc:7    | Noticed Antaeus
 58917 | Coc:7    | Got an icy rune of Zot
 59009 | Hell     | Found a gateway to the decaying netherworld of Tartarus.
 59019 | Tar:1    | Entered Level 1 of Tartarus
 59376 | Tar:7    | Entered Level 7 of Tartarus
 59407 | Tar:7    | Noticed Ereshkigal
 59433 | Tar:7    | Killed Ereshkigal
 59462 | Tar:7    | Got a bone rune of Zot
 59693 | Zot:2    | Got a jewelled cloak
 59704 | Zot:2    | Identified the +0 cloak of Uvay {rF+ rN+ Regen+ Int-4} (You acquired it on level 2 of the Realm of Zot)
 59815 | Zot:4    | Starved to death

Vault maps used:
D:1:      eino_arrival_water_cross
D:2:      first_bread
D:3:      ecumenical_altar_2, minmay_misc_feat_plants,
          hangedman_abyss_or_decor_lesser_grid
D:4:      temple_hall, uniq_edmund
D:5:      slow_altar_2, st_stairs_10
D:6:      serial_shops, kennysheep_mini, dk_rats_in_the_wall
D:8:      nemelex_xobeh_ov_fountains_minmay, serial_shops, shop_fountains
D:9:      vehumet_statue, uniq_joseph
D:10:     kennysheep_town, serial_shops
D:11:     serial_bayou_lake_a
D:12:     david_orc_5, serial_shops, shop, hangedman_stone_soup,
          minmay_lizard_king, uniq_maurice
D:13:     david_vaults_1, basic_altar
D:14:     minmay_staircase_bubble
D:15:     hangedman_depths_entry_civil_slaughter,
          nicolae_ru_sacrificial_ziggurat, einodemon_armed_red_devil_minivault,
          uniq_roxanne, uniq_josephine
Lair:1:   grunt_megastairs_4
Lair:2:   infiniplex_staircase_pool, grunt_megastairs_5, lemuel_fruit_fields
Lair:3:   minmay_lair_venomous_thicket, elwin_shoals_entry_rocks, wad_woods_01,
          uniq_rupert, uniq_nergalle
Lair:4:   mu_elephants_graveyard
Lair:6:   minmay_snake_entry_six_corridors, nicolae_slime_entry_slimehenge
Lair:8:   grunt_lair_end_beastmaster, grunt_megastairs_2, serial_bayou_shore_a
Shoals:1: nicolae_shoals_arrival_archipelago
Shoals:2: lemuel_oklob_altar, uniq_kirke, uniq_polyphemus, uniq_louise
Shoals:3: nicolae_shoals_island_circles, serial_shops, shop, uniq_ilsuiw
Shoals:4: shoals_end_simple, shoal_ilsuiw, hangedman_shoals_cup_caves
Snake:1:  nicolae_snake_springs, grunt_megastairs_1
Snake:2:  uniq_vashnia
Snake:3:  basic_altar, special_room, uniq_mara
Snake:4:  snake_pit, uniq_agnes, uniq_aizul, uniq_donald
Slime:1:  basic_altar
Slime:4:  uniq_dissolution
Slime:5:  nicolae_slime_welcoming_committee
Orc:1:    uniq_fannar
Orc:2:    portal_ice_cave_entry_ice_beasts, rock_pile
Orc:3:    nicolae_volcano_entry_s_turn, basic_altar, nicolae_orc_pool_cavern,
          mines1_david
Orc:4:    pubby_orc_utopia
Elf:1:    elf_arrival_001, serial_shops, shop, minivault_28
Elf:2:    serial_shops, shop
Elf:3:    elf_hall
Vaults:1: hangedman_vaults_nodes, v_rooms_2, nicolae_vaults_diagonal_hallway_6,
          vaults_room_door_hall, ontoclasm_vaults_fault, ontoclasm_vaults_pinch,
          vaults_room_semicircle, ontoclasm_vaults_shuriken,
          grunt_vaults_diagonal, v_misc_22, uniq_wiglaf
Vaults:2: hangedman_vaults_river_flow, vaults_room_pools, v_misc_25,
          vaults_dpeg_encased_lava, v_misc_1, ontoclasm_vaults_ligature,
          nicolae_vaults_ring_of_whatevers, hangedman_vaults_hat, serial_shops,
          nicolae_shop_crystal
Vaults:3: grunt_vaults_hallway_long, st_cross, minmay_crypt_entry_simple_sparse,
          v_misc_10, hangedman_vaults_stitches, v_misc_17,
          hangedman_vaults_cutoff, v_alt_pattern_2,
          nicolae_vaults_little_squares_1, serial_ice_b
Vaults:4: vaults_mumra_chevron, st_lattice, v_misc_8, vaults_room_pools,
          v_misc_5, v_misc_25, serial_shops, shop_coins
Vaults:5: serial_shops
Crypt:1:  st_stairs_11, grunt_crypt_arrival_guarded_gate
Crypt:3:  cryptofortress_bobbens
Tomb:1:   uniq_khufu
Depths:1: serial_glass, glass_columns_c, glass_columns_a,
          rand_demon_pan_entry_5, hell_entry, minmay_misc_feat_cross,
          eino_small_chamber_without_monster, st_stairs_12,
          nicolae_elemental_shop
Depths:2: minmay_connected_triangles_in_corner, hell_entry, serial_bayou,
          serial_bayou_lagoon_a, serial_bayou_pond_b, serial_bayou_pond_d,
          serial_bayou_ford_a, wad_floor_pattern_2, uniq_nikola
Depths:3: minmay_expanding_circles, enter_ziggurat_b, grunt_pan_entry_spiral,
          serial_co_window_serial, co_window_of_opportunity_a,
          co_window_corner_a, co_window_paths_b, co_window_of_opportunity_a,
          co_window_paths_a, co_window_paths_a, co_window_corner_a,
          co_window_broadway_c, co_window_corner_b, glass_columns_b,
          glass_columns_a, glass_columns_a, glass_columns_c, glass_columns_b,
          hell_entry, abyss_entry, uniq_margery
Depths:4: kennysheep_large_vault, hangedman_geh_valley, serial_shops,
          bzr_entry_islet, hangedman_abyss_entry_splay, rand_demon_pan_entry_1,
          lemuel_crystal_altar
Depths:5: grunt_zot_entry_pinwheel, hell_entry, pan_entry
Dis:1:    hangedman_player_shredder
Dis:5:    lemuel_elevator
Dis:6:    hangedman_dis_chains, grunt_dis_stairs_iron_hall
Dis:7:    dis_hangedman
Geh:2:    lemuel_flamethrower_3
Geh:3:    gehenna_fire_generator, grunt_megastairs_3
Geh:7:    geh_mu
Coc:7:    coc_dpeg
Tar:1:    nicolae_tar_cuneiform_bread
Tar:2:    nicolae_tar_cuneiform_not, kb_skeletal_archery
Tar:3:    nicolae_tar_cuneiform_water
Tar:6:    lemuel_nasty_fountain
Tar:7:    tar_minmay_river
Zot:1:    grunt_ministairs_12
Zot:3:    circus_mu, grunt_ministairs_11, hangedman_zot_decor_unnerving_road
Abyss:2:  evilmike_abyss_exit_2
Abyss:3:  guppyfry_abyss_exit_glass_guarded
Abyss:4:  nicolae_abyss_rune_more_like_crabyss, evilmike_abyss_exit_mutagenic
Pan:      evilmike_holy_pan, rand_demon_1, nicolae_pan_gloorx_vloqian_4,
          evilmike_mini_pan_3x3, uniq_mennas_pan, rand_demon_8, uniq_mennas_pan,
          evilmike_mini_pan_T, grunt_pan_in_and_out, pan_blood_fountain_small,
          nicolae_pan_double_arrow, evilmike_mini_pan_branches, rand_demon_3,
          nicolae_pan_strange_glyphs, evilmike_mini_pan_layers, rand_demon_1,
          evilmike_mini_pan_possible_glass, pan_blood_fountain_small,
          nicolae_pan_double_arrow, pan_blood_fountain_small, grunt_pan_zigzag,
          cerebov, enter_ziggurat_pan_a, pan_blood_fountain_small,
          lom_lobon_spiral_st, nicolae_pan_diamonds, grunt_pan_pentagram,
          grunt_pan_frozen_over, evilmike_mini_pan_corner,
          evilmike_gloorx_vloq_box, nicolae_pan_mnolegish_3,
          evilmike_mini_pan_thingy, grunt_pan_pentagram,
          nicolae_pan_cerebovesque_1, evilmike_mini_pan_other_thingy,
          evilmike_mnoleg_eyes
Zig:6:    ziggurat_pillar_centre_c
Zig:13:   ziggurat_pillar_centre_dead_trees
Zig:14:   ziggurat_pillar_centre_oklobs
Bazaar:   dpeg_bazaar_wands
IceCv:    ice_cave_small_necro
Volcano:  volcano_caves

Action                   |  1- 3 |  4- 6 |  7- 9 | 10-12 | 13-15 | 16-18 | 19-21 | 22-24 | 25-27 || total
-------------------------+-------+-------+-------+-------+-------+-------+-------+-------+-------++-------
Melee: Hand axe          |   107 |   157 |   571 |   865 |       |       |     8 |       |       ||  1708
       Broad axe         |       |       |       |   217 |   295 |       |       |       |       ||   512
       Executioner's axe |       |       |       |       |   655 |   998 |  1304 |   957 |  5481 ||  9395
       Unarmed           |       |       |       |       |       |    37 |       |       |       ||    37
       Shillelagh        |       |       |       |       |       |     6 |       |       |       ||     6
Throw: Stone             |     2 |       |     8 |       |       |       |       |       |       ||    10
       Tomahawk          |       |       |     7 |     4 |       |       |       |       |       ||    11
 Cast: Apportation       |       |       |       |       |       |       |       |       |    18 ||    18
       Blink             |       |       |       |       |       |       |       |       |     5 ||     5
Invok: Trog's Hand       |     1 |     1 |       |     7 |     5 |    18 |    17 |    14 |     8 ||    71
       Berserk           |       |     2 |     7 |     9 |     6 |     3 |     4 |     2 |     6 ||    39
       Brothers in Arms  |       |       |     1 |       |       |     2 |     5 |     1 |       ||     9
       Burn Spellbooks   |       |       |       |     2 |     4 |     4 |     3 |     7 |     4 ||    24
       Cleansing Flame   |       |       |       |       |       |       |       |       |     5 ||     5
       Summon Divine War |       |       |       |       |       |       |       |       |     4 ||     4
       Brand Weapon With |       |       |       |       |       |       |       |       |     1 ||     1
 Abil: Breathe Fire      |       |       |       |       |       |       |       |       |     1 ||     1
Evoke: Rod               |       |       |     1 |       |     1 |       |       |       |       ||     2
       Wand              |       |       |       |     5 |       |     9 |    13 |     1 |    70 ||    98
  Use: Scroll            |     3 |     3 |     2 |    14 |    13 |    13 |    11 |    16 |   112 ||   187
       Potion            |     1 |       |       |       |     5 |     8 |     7 |     3 |    35 ||    59
 Stab: Invisible         |       |       |       |       |     1 |       |     8 |       |       ||     9
       Distracted        |       |       |       |       |       |       |     1 |       |     2 ||     3
       Held in net/web   |       |       |       |       |       |       |       |       |     1 ||     1
  Eat: Chunk             |     1 |     5 |    11 |    18 |    23 |     4 |    14 |    22 |     5 ||   103
       Meat ration       |       |       |     1 |     2 |       |     3 |     2 |       |     5 ||    13
       Beef jerky        |       |       |     2 |       |     1 |       |       |     3 |     6 ||    12
       Pizza             |       |       |     1 |       |     2 |     3 |       |       |     2 ||     8
       Fruit             |       |       |       |     2 |     1 |     3 |       |       |     8 ||    14
       Bread ration      |       |       |       |       |     2 |     2 |     6 |     1 |    24 ||    35
       Royal jelly       |       |       |       |       |       |       |       |     3 |     1 ||     4
